 Dungeon Crawl Stone Soup version 0.27-a0-860-gaf99fae3ca (webtiles) character file.

Game seed: 11141842592811692432

40 Hot the Shield-Bearer (level 3, -2/32 (33) HPs)
             Began as a Minotaur Fighter on Apr 1, 2021.
             Slain by a gnoll
             ... wielding a +2 spear
              (6 damage)
             ... on level 3 of the Dungeon.
             The game lasted 00:05:05 (1653 turns).

Hot the Shield-Bearer (Minotaur Fighter)            Turns: 1653, Time: 00:05:06

HP:   -2/32 (33)    AC:  9    Str: 20    XL:     3   Next: 30%
MP:   2/2           EV:  7    Int:  5    God:
Gold: 90            SH:  9    Dex: 10    Spells: 2/2 levels left

rFire    . . .     SeeInvis .   a - +0 long sword
rCold    . . .     Faith    .   c - +0 kite shield
rNeg     . . .     Spirit   .   b - +0 scale mail
rPois    .         Reflect  .   (helmet restricted)
rElec    .         Harm     .   (no cloak)
rCorr    .         Rampage  .   (no gloves)
Will     .....                  h - +1 pair of boots {Fly}
Stlth    ..........             (no amulet)
HPRegen  0.10/turn              (no ring)
MPRegen  0.08/turn              (no ring)

@: flying, lightly drained
A: horns 2, retaliatory headbutt
a: no special abilities


You were on level 3 of the Dungeon.
You visited 1 branch of the dungeon, and saw 3 of its levels.

You collected 90 gold pieces.

Inventory:

Hand Weapons
 a - a +0 long sword (weapon)
Armour
 b - a +0 scale mail (worn)
 c - a +0 kite shield (worn)
 h - a +1 pair of boots of flying (worn)
Scrolls
 g - a scroll of identify {unknown}
Potions
 d - a potion of might
 e - a potion of lignification {unknown}
 f - 2 potions of curing {unknown}


   Skills:
 + Level 4.0 Fighting
 + Level 3.0 Long Blades
 + Level 4.1 Armour
 + Level 0.3 Dodging
 + Level 4.2 Shields


You had 2 spell levels left.
You didn't know any spells.
Your spell library was empty.

Dungeon Overview and Level Annotations

Branches:
Dungeon (3/15)

Altars:

Shops:
D:1 [


Innate Abilities, Weirdness & Mutations

You have a pair of horns on your head.
You reflexively headbutt those who attack you in melee.


Message History

The gnoll hits you with a +5 spear. You block the gnoll's attack.
You block the gnoll's attack. x2; The gnoll completely misses you.
Found a chain mail.
You slash the gnoll!
The gnoll is severely wounded.
The gnoll hits you but does no damage. You block the gnoll's attack. x2
The gnoll barely misses you. You block the gnoll's attack.
The gnoll barely misses you. You furiously retaliate!
You headbutt the gnoll.
The gnoll hits you from afar with a +2 spear.
You slash the ball python!
You kill the ball python!
The adder bites you but does no damage. You block the gnoll's attack.
The gnoll hits you but does no damage. You block the gnoll's attack.
The gnoll hits you from afar with a +2 spear.
The adder closely misses you.
You riposte.
You miss the adder.
The gnoll hits you but does no damage. x2
The gnoll hits you from afar with a +0 spear.
You block the gnoll's attack.
You closely miss the gnoll. Your headbutt misses the gnoll.
The gnoll is moderately wounded.
The adder bites you but does no damage. You block the adder's attack.
You block the gnoll's attack. x2; The gnoll hits you but does no damage.
You block the gnoll's attack.
You hit the gnoll.
The gnoll is severely wounded.
The adder bites you but does no damage. You block the gnoll's attack.
The gnoll hits you with a +2 spear. The gnoll hits you with a +5 spear!
* * * LOW HITPOINT WARNING * * *
You block the gnoll's attack. The adder barely misses you.
You riposte.
You barely miss the adder. You block the gnoll's attack.
The gnoll hits you but does no damage. The gnoll hits you with a +5 spear.
* * * LOW HITPOINT WARNING * * *
The gnoll hits you but does no damage. You block the gnoll's attack.
The gnoll barely misses you.
Sorry, you're not good enough to have a special ability.
Okay, then.
You block the adder's attack.
The gnoll hits you from afar with a +2 spear.
You die...

##.## ....
##... ...# .
#..# ## ..
####..##.#
#..#.....#.#
.......@.<#
#..#...S.##
#[.##.gg##
.......gg#
.>........#
##.####....#
#. #####.# #
##


You could see 4 gnolls and an adder.

Vanquished Creatures
  An adder (D:2)
  3 ball pythons
  2 bats
  An endoplasm (D:2)
  2 giant cockroaches (D:2)
  5 goblins
  3 hobgoblins
  6 kobolds
  A quokka (D:2)
  A frilled lizard (D:1)
  5 rats
30 creatures vanquished.

Notes
Turn   | Place    | Note
-------+----------+-------------------------------------------
     0 | D:1      | Hot the Minotaur Fighter began the quest for the Orb.
     0 | D:1      | Reached XP level 1. HP: 19/19 MP: 0/0
    60 | D:1      | Found Ystal's Antique Armour Shop.
   603 | D:1      | Reached XP level 2. HP: 27/27 MP: 1/1
   966 | D:2      | Found a faded altar of an unknown god.
  1290 | D:2      | Reached XP level 3. HP: 30/32 MP: 2/2
  1653 | D:3      | Slain by a gnoll

Illustrated notes

Levels and vault maps discovered:
D:1:      minmay_arrival_three_doors, layout_loops_cross, serial_shops,
          nicolae_shop_crystal
D:2:      layout_loops_cross, ebering_ecumenical_altar_box
D:3:      cheibrodos_pilgrimage, layout_loops_ring, kennysheep_nub

Skill      XL: |  1  2 |
---------------+-------+-----
Armour         | 4 |  4.1
Shields        | 4 |  4.2
Fighting       | 4 |  4.0
Long Blades    | 3 |  3.0
Dodging        | |  0.3

Action                   || total
-------------------------++-------
Melee: Long sword        ||    73
       Headbutt          ||     7
Armor: Scale mail        ||    33
Dodge: Dodged            ||    25
Block: Kite shield       ||    58
       Rpst.: Long sword ||     8

Table legend: (Time is in decaauts)
 A = Elapsed time spent in this place.
 B = Non-inter-level travel time spent in this place.
 C = Inter-level travel time spent in this place.
 D = Time resting spent in this place.
 E = Time spent auto-exploring this place.
 F = Levels seen in this place.
 G = Mean time per level.
                   A        B        C        D        E       F      G
               +--------+--------+--------+--------+--------+-----+--------+
         Total |   1688 |   1625 |     63 |      0 |   1365 |   3 |  562.7 |
       Dungeon |   1688 |   1625 |     63 |      0 |   1365 |   3 |  562.7 |
               +--------+--------+--------+--------+--------+-----+--------+

Top non-repeatable levels by time:
     D:2: 893 daAuts
     D:1: 782 daAuts
     D:3: 11 daAuts
